 Dungeon Crawl Stone Soup version 0.19.1 (webtiles) character file.

1885 Malachi the Cleaver (level 8, 0/73 HPs)
             Began as a Deep Dwarf Fighter on Nov 25, 2016.
             Was an Initiate of Elyvilon.
             Slain by a wyvern zombie (11 damage)
             ... on level 7 of the Dungeon.
             The game lasted 00:08:41 (5626 turns).

Malachi the Cleaver (Deep Dwarf Fighter)            Turns: 5626, Time: 00:08:41

Health: 0/73       AC: 12    Str: 31    XL:     8   Next: 92%
Magic:  8/8        EV:  9    Int:  9    God:    Elyvilon [......]
Gold:   300        SH: 11    Dex: 12    Spells: 0 memorised, 7 levels left

rFire  . . .     SeeInvis .     a - +1 war axe
rCold  . . .     Gourm    .     b - +0 scale mail
rNeg   . . .     Faith    .     c - +0 shield
rPois  .         Spirit   .     B - +1 helmet
rElec  .         Reflect  .     k - +1 cloak
rCorr  +         Harm     .     (no gloves)
MR     ++...                    (no boots)
Stlth  ..........               (no amulet)
                                u - ring "Hero's Friend" {rCorr Str+9}
                                g - ring of protection from magic

@: non-regenerating
A: damage resistance, recharge devices, sense surroundings 1, slow regeneration
3
a: Device Recharging, Renounce Religion


You were on level 7 of the Dungeon.
You worshipped Elyvilon.
Elyvilon was noncommittal.
You were not hungry.

You visited 2 branches of the dungeon, and saw 8 of its levels.

You collected 300 gold pieces.

Inventory:

Hand Weapons
 a - a +1 war axe (weapon)
 x - a +2 dire flail of protection
Missiles
 y - 8 tomahawks of returning (quivered)
Armour
 b - a +0 scale mail (worn)
 c - a +0 shield (worn)
 k - a +1 cloak (worn)
 B - a +1 helmet (worn)
Jewellery
 g - a ring of protection from magic (left hand)
 h - an uncursed ring of protection from cold {unknown}
 u - the ring "Hero's Friend" (right hand) {rCorr Str+9}
   (You found it on level 4 of the Dungeon)

   [ring of resist corrosion]

   It affects your strength (+9).
 v - an uncursed amulet of guardian spirit
Wands
 d - a wand of slowing (15/48)
 e - a wand of heal wounds (0/9)
 m - a wand of slowing (17/48)
Scrolls
 i - a scroll of teleportation
 o - 5 scrolls of remove curse
 p - a scroll of blinking
 q - 3 scrolls of enchant armour
 r - a scroll of fog
 C - a scroll of identify
 D - a scroll of amnesia
 E - a scroll of recharging {unknown}
Potions
 n - 2 potions of curing {unknown}
 t - 2 potions of brilliance {unknown}
 w - 2 potions of lignification {unknown}
 z - a potion of resistance {unknown}
 A - 3 potions of degeneration {unknown}
Comestibles
 f - 5 bread rations
 j - 2 royal jellies
 l - a meat ration
 s - a chunk of flesh


   Skills:
 + Level 4.6 Fighting
 + Level 9.0 Axes
 + Level 5.8 Armour
 + Level 2.5 Dodging
 + Level 1.1 Stealth
 + Level 6.3 Shields
 + Level 1.0 Evocations


You had 7 spell levels left.
You didn't know any spells.

Dungeon Overview and Level Annotations

Branches:
Dungeon (7/15)             Temple (1/1) D:6

Altars:
Ashenzari
Cheibriados
Dithmenos
Elyvilon
Gozag
Hepliaklqana
Kikubaaqudgha
Nemelex Xobeh
Okawaru
Qazlal
Ru
Sif Muna
Trog
Vehumet
Xom


Innate Abilities, Weirdness & Mutations

You are resistant to damage.
You can recharge devices by infusing magical energy.
You passively map a small area around you.
You do not regenerate.


Message History

The wyvern zombie bites you.
* * * LOW HITPOINT WARNING * * *
You see here a scroll of enchant armour.
You are too injured to fight recklessly!
You are too injured to fight recklessly!
You are too injured to fight recklessly!
You are too injured to fight recklessly!
You are too injured to fight recklessly!
You are too injured to fight recklessly!
You slash the wyvern zombie!
The wyvern zombie is moderately damaged.
You block the wyvern zombie's attack.
You slice the wyvern zombie!!
The wyvern zombie is almost destroyed.
The wyvern zombie bites you!
* * * LOW HITPOINT WARNING * * *
You hit the wyvern zombie but do no damage.
The wyvern zombie is almost destroyed.
You block the wyvern zombie's attack. The wyvern zombie bites you!
You die...

, * , * , ,
*,, ,, * * ,
* * * , , , ,
, , , ,, ,, *
* * #.#######
* * #....Z@.#
, #######.# *
* ####.#.# *
######....#.#
* *
........###.#
*
######..###.#
*, * #...##.#
, * #.#.##.#
* * ####
#.#.##.# *


You could see a wyvern zombie.

Vanquished Creatures
  The ghost of Schattenjager the Cleaver, a novice HOFi of Beogh (D:6)
  Sigmund (D:2)
  Eustachio (D:5)
  Edmund (D:5)
  2 ice beasts
  An orc warrior (D:7)
  2 sky beasts (D:5)
  A black bear (D:4)
  An ogre (D:4)
  A howler monkey (D:4)
  An orc priest (D:7)
  An orc wizard (D:4)
  Ijyb (D:2)
  2 centaur skeletons
  Natasha (D:2)
  5 worker ants
  A hound skeleton (D:7)
  A worker ant zombie (D:5)
  Robin (D:3)
  5 adders
  An ooze (D:6)
  An adder skeleton (D:4)
  A worm (D:2)
  2 dart slugs
  3 leopard geckos
  16 orcs
  5 bats
  7 giant cockroaches
  15 goblins
  15 hobgoblins
  5 jackals
  2 quokkas
  2 ball pythons
  10 frilled lizards
  5 kobolds
  A leopard gecko skeleton (D:4)
  2 quokka skeletons (D:5)
  2 quokka zombies (D:6)
  5 rats
131 creatures vanquished.

Notes
Turn   | Place    | Note
-------+----------+-------------------------------------------
     0 | D:1      | Malachi the Deep Dwarf Fighter began the quest for the Orb.
     0 | D:1      | Reached XP level 1. HP: 20/20 MP: 1/1
    48 | D:1      | Reached XP level 2. HP: 24/27 MP: 2/2
   510 | D:1      | Reached XP level 3. HP: 29/34 MP: 3/3
   771 | D:2      | Reached skill level 3 in Axes
   777 | D:2      | Reached XP level 4. HP: 33/42 MP: 4/4
   779 | D:2      | Noticed Ijyb
   790 | D:2      | Killed Ijyb
  1078 | D:2      | Noticed Sigmund
  1089 | D:2      | Killed Sigmund
  1089 | D:2      | Reached skill level 4 in Axes
  1089 | D:2      | Reached skill level 1 in Dodging
  1089 | D:2      | Reached XP level 5. HP: 23/49 MP: 5/5
  1192 | D:2      | Noticed Natasha
  1200 | D:2      | Killed Natasha
  1200 | D:2      | Reached XP level 6. HP: 13/56 MP: 6/6
  1304 | D:3      | Found a shimmering altar of Xom.
  1475 | D:3      | Noticed Robin
  1485 | D:3      | Killed Robin
  1485 | D:3      | Reached skill level 5 in Axes
  1825 | D:3      | Found a sacrificial altar of Ru.
  2305 | D:4      | Reached skill level 5 in Shields
  2545 | D:4      | Got a heavily runed pewter ring
  2546 | D:4      | Identified the ring "Hero's Friend" {rCorr Str+9} (You found it on level 4 of the Dungeon)
  2620 | D:4      | Reached skill level 6 in Axes
  2620 | D:4      | Reached XP level 7. HP: 37/62 MP: 7/7
  2828 | D:5      | Entered Level 5 of the Dungeon
  3071 | D:5      | Noticed Edmund
  3095 | D:5      | Killed Edmund
  3439 | D:5      | Reached skill level 7 in Axes
  3439 | D:5      | Reached skill level 1 in Evocations
  3473 | D:5      | Noticed Eustachio
  3484 | D:5      | Killed Eustachio
  3484 | D:5      | Reached skill level 5 in Armour
  3484 | D:5      | Reached skill level 1 in Stealth
  3484 | D:5      | Reached XP level 8. HP: 30/72 MP: 8/8
  3763 | D:5      | Found an ancient bone altar of Kikubaaqudgha.
  3763 | D:5      | Found a deep blue altar of Sif Muna.
  4560 | D:6      | Found a hazy altar of Hepliaklqana.
  4874 | D:6      | Found a staircase to the Ecumenical Temple.
  4969 | D:6      | Noticed Schattenjager's ghost (novice HOFi)
  4990 | D:6      | Killed Schattenjager's ghost
  4990 | D:6      | Reached skill level 8 in Axes
  5303 | Temple   | Entered the Ecumenical Temple
  5363 | Temple   | Became a worshipper of Elyvilon the Healer
  5564 | D:7      | Reached skill level 9 in Axes
  5626 | D:7      | Slain by a wyvern zombie

Skill      XL: |  1  2  3  4  5  6  7  8 |
---------------+-------------------------+-----
Fighting       | 3 4 |  4.6
Axes           | 3 4 6 7 9 |  9.0
Shields        | 4 5 6 |  6.3
Dodging        | 1 2 |  2.5
Armour         | 4 5 |  5.8
Evocations     | 1 |  1.0
Stealth        | 1 |  1.1

Action                   |  1- 3 |  4- 6 |  7- 9 || total
-------------------------+-------+-------+-------++-------
Melee: War axe           |   132 |   133 |   186 ||   451
Evoke: Wand              |       |     2 |     3 ||     5
  Use: Scroll            |     9 |     1 |     1 ||    11
       Potion            |       |     1 |     5 ||     6
  Eat: Chunk             |       |     5 |     9 ||    14
       Royal jelly       |       |       |     1 ||     1
Armor: Scale mail        |    59 |    61 |    47 ||   167
Dodge: Dodged            |    43 |    39 |    36 ||   118
Block: Shield            |    86 |    76 |    79 ||   241
